 Dungeon Sprint DCSS version bcrawl-1.19.1 (webtiles) character file.

Game seed: 6696203789553891147

23 Freyura the Shield-Bearer (level 2, -7/20 HPs)
             Began as a Skeleton Fighter on Dec 8, 2019.
             Was an Initiate of Makhleb.
             Mangled by a two-headed ogre
             ... wielding a +0 giant spiked club
              (13 damage)
             ... in the Dungeon (Sprint IX: "|||||||||||||||||||||||||||||").
             The game lasted 00:02:14 (352 turns).

Freyura the Shield-Bearer (Skeleton Fighter)         Turns: 352, Time: 00:02:14

Health: -7/20      AC: 10    Str: 22    XL:     2   Next: 72%
Magic:  0/2        EV:  9    Int:  6    God:    Makhleb [......]
Gold:   0          SH: 10    Dex:  8    Spells: 1/1 levels left

rFire    . . .     SeeInvis .   h - +2 rapier of Checks and Balances {pierce, rElec Stlth+}
rCold    + . .     Gourm    .   c - +0 shield
rNeg     + + +     Faith    .   k - +2 ring mail
rPois    ∞         Spirit   +   j - +0 helmet
rElec    +         Reflect  .   (no cloak)
rCorr    .         Harm     .   i - +0 pair of gloves
MR       .....     NoTele   +   (no boots)
Stlth    ++........             (no amulet)
HPRegen  0.06/turn              (no ring)
MPRegen  0.08/turn              (no ring)

@: no status effects
A: no food or potions, cold resistance 1, deterioration 1, negative energy
resistance 3, torment resistance, unbreathing, magic shield, sturdy frame 1,
spell healing
a: Renounce Religion


You were in the Dungeon.
You worshipped Makhleb.
Makhleb was noncommittal.
You were not hungry.

You visited 1 branch

Inventory:

Hand Weapons
 a - a +0 long sword
 h - the +2 rapier of Checks and Balances (weapon) {pierce, rElec Stlth+}
   (You found it in the Dungeon)

   It inflicts extra damage upon your enemies.
   It insulates you from electricity.
   It makes you more stealthy.
 n - a +2 scimitar of distortion
Armour
 b - a +0 scale mail
 c - a +0 shield (worn)
 i - a +0 pair of gloves (worn)
 j - a +0 helmet (worn)
 k - a +2 ring mail (worn)
Jewellery
 l - a +2 ring of protection
 m - a +3 ring of intelligence
Wands
 g - a wand of acid (10)
Scrolls
 d - 2 scrolls of blinking
 e - 3 scrolls of remove curse
 f - 2 scrolls of amnesia


   Skills:
 + Level 4.0 Fighting
 * Level 3.4 Long Blades
 + Level 4.5 Armour
 + Level 0.4 Dodging
 + Level 5.3 Shields
 + Level 0.0 Invocations


You had one spell level left.
You didn't know any spells.
Your spell library was empty.

Dungeon Overview and Level Annotations

Branches:
Dungeon (1/1)

Altars:
Cheibriados
Dithmenos
Elyvilon
Fedhas
Gozag
Hepliaklqana
Kikubaaqudgha
Lugonu
Makhleb
Nemelex Xobeh
Okawaru
Qazlal
Ru
Sif Muna
Trog
Uskayaw
Vehumet
Wu Jian
Xom
Yredelemnul
Zin
The Shining One
Beogh
Jiyva


Innate Abilities, Weirdness & Mutations

You do not eat or drink.
You are immune to poison.
Your flesh is cold resistant. (rC+)
Your body sometimes deteriorates upon taking damage.
You are immune to negative energy. (rN+++)
You are immune to unholy pain and torment.
You can survive without breathing.
When hurt, damage is shared between your health and your magic reserves.
Your movements are slightly less encumbered by armour. (ER -2)
Casting spells heals you.


Message History

Ouch! That really hurt!
* * * LOW HITPOINT WARNING * * *
You block the two-headed ogre's attack.
There is an open door to the Dungeon here.
You puncture the two-headed ogre!
The two-headed ogre is moderately wounded.
You hit the two-headed ogre.
The two-headed ogre is moderately wounded.
The two-headed ogre closely misses you.
The two-headed ogre hits you but does no damage.
You hit the two-headed ogre.
The two-headed ogre is heavily wounded.
The two-headed ogre hits you but does no damage.
You block the two-headed ogre's attack.
You hit the two-headed ogre.
The two-headed ogre is heavily wounded.
The two-headed ogre closely misses you.
The two-headed ogre hits you with a +0 giant club!
Ouch! That really hurt!
You die... ▓▓▓▓▓▓▓▓▓▓▓▓▓▓▓▓▓▓▓▓▓▓▓▓ ______'!.|).....@OoylWo+ ▓▓▓▓▓▓▓▓▓▓▓▓▓▓▓▓▓▓▓▓▓▓▓▓

You could see a two-headed ogre, a hungry ghost, an orc warrior, a wyvern, a killer bee and an orc.

Vanquished Creatures
  An adder (D)
  3 leopard geckos (D)
  An orc (D)
  A bat skeleton (D)
  A hobgoblin (D)
  A quokka (D)
  A ball python zombie (D)
  A frilled lizard (D)
10 creatures vanquished.

Notes
Turn   | Place    | Note
-------+----------+-------------------------------------------
     0 | D        | Freyura the Skeleton Fighter began the quest for the Orb.
     0 | D        | Reached XP level 1. HP: 14/14 MP: 1/1
    12 | D        | Reached skill level 4 in Shields
    27 | D        | Reached XP level 2. HP: 14/19 MP: 2/2
   117 | D        | Reached skill level 5 in Shields
   269 | D        | Found a roughly hewn altar of Beogh.
   269 | D        | Found a snail-covered altar of Cheibriados.
   269 | D        | Found a shadowy altar of Dithmenos.
   269 | D        | Found a white marble altar of Elyvilon.
   269 | D        | Found a blossoming altar of Fedhas.
   269 | D        | Found an opulent altar of Gozag.
   270 | D        | Found a hazy altar of Hepliaklqana.
   271 | D        | Found a viscous altar of Jiyva.
   272 | D        | Found an ancient bone altar of Kikubaaqudgha.
   273 | D        | Found a corrupted altar of Lugonu.
   274 | D        | Found a burning altar of Makhleb.
   275 | D        | Found a sparkling altar of Nemelex Xobeh.
   276 | D        | Found an iron altar of Okawaru.
   277 | D        | Found a stormy altar of Qazlal.
   278 | D        | Found a sacrificial altar of Ru.
   279 | D        | Found a shimmering blue altar of Sif Muna.
   280 | D        | Found a bloodstained altar of Trog.
   281 | D        | Found a hide-covered altar of Uskayaw.
   282 | D        | Became a worshipper of Makhleb the Destroyer
   283 | D        | Found a radiant altar of Vehumet.
   284 | D        | Found an ornate altar of the Wu Jian Council.
   285 | D        | Found a shimmering altar of Xom.
   286 | D        | Found a basalt altar of Yredelemnul.
   287 | D        | Found a glowing silver altar of Zin.
   288 | D        | Found a glowing golden altar of the Shining One.
   304 | D        | Got the +2 rapier of Checks and Balances {pierce, rElec
                  | Stlth+}
   347 | D        | Noticed a two-headed ogre
   347 | D        | Noticed a killer bee
   347 | D        | Noticed a wyvern
   347 | D        | Noticed a hungry ghost
   347 | D        | Noticed an orc warrior
   352 | D        | Mangled by a two-headed ogre

Skill      XL: |  1  2 |
---------------+-------+-----
Shields        | 4 5 |  5.3
Armour         | 4 |  4.5
Long Blades    | 3 |  3.4
Fighting       | 4 |  4.0
Dodging        | |  0.4

Action                   || total
-------------------------++-------
Melee: Long sword        ||    65
       Rapier            ||     4
Armor: Scale mail        ||    25
       Ring mail         ||     1
Dodge: Dodged            ||    13
Block: Shield            ||    44
